 Dungeon Sprint DCSS version 0.30-a0-879-ga8ba668304 (webtiles) character file.

Game seed: 13146745266252680346

55 shadowstone the Covered (level 3, -1/26 HPs)
             Began as a Gargoyle Fighter on Mar 13, 2023.
             Was an Initiate of Lugonu.
             Slain by an orc warlord
             ... wielding a +0 war axe
              (9 damage)
             ... in the Dungeon (Sprint V: "Ziggurat Sprint").
             The game lasted 00:03:34 (134 turns).

shadowstone the Covered (Gargoyle Fighter)           Turns: 134, Time: 00:03:35

Health: -1/26      AC: 30    Str: 33    XL:     3   Next: 93%
Magic:  3/3        EV:  1    Int:  8    God:    Lugonu [......]
Gold:   0          SH: 26    Dex:  9    Spells: 2/2 levels left

rFire   . . .      SeeInvis +    D - +16 obsidian axe {drain, demonic, Mesm Drain Fly SInv}
rCold   . . .      Faith    .    F - +18 shield of the Gong {Loud rN+ Will+ rCorr EV-5}
rNeg    + + .      Spirit   .    E - +15 Maxwell's patent armour {-Cast -Tele rElec Will+ rCorr}
rPois   ∞          Reflect  .    (no helmet)
rElec   +          Rampage  .    (no cloak)
rCorr   +          NoTele   +    (no gloves)
Will    ++...      NoCast   +    (no boots) Stlth
                                 (no amulet)
HPRegen 0.24/turn                x - +6 ring of strength
MPRegen 0.08/turn                y - +6 ring of strength

@: flying, mesmerised
A: sickness immunity, AC +3, negative energy resistance 1, electricity
resistance, torment resistance 1, petrification resistance
a: Renounce Religion


You were in the Dungeon.
You worshipped Lugonu.
Lugonu was noncommittal.
You visited 1 branch

Inventory:

Hand Weapons
 D - the +16 obsidian axe (weapon) {drain, demonic, Mesm Drain Fly SInv}
   (You found it in the Dungeon)

   Mesm:      Its wielder is mesmerised by any visible foes, and it cannot be
   unequipped while any foes are visible.
   SInv:      It lets you see invisible.
   Fly:       It grants you flight.
   Drain:     It drains your maximum health when unequipped.
Armour
 b - a +0 scale mail
 c - a +0 buckler
 E - the +15 Maxwell's patent armour (worn) {-Cast -Tele rElec Will+ rCorr}
   (You found it in the Dungeon)

   rElec:     It insulates you from electricity.
   -Cast:     It prevents spellcasting.
   -Tele:     It prevents most forms of teleportation.
   rCorr:     It protects you from acid and corrosion.
   Will:      It increases your willpower.
 F - the +18 shield of the Gong (worn) {Loud rN+ Will+ rCorr EV-5}
   (You found it in the Dungeon)

   Loud:      It is deafeningly noisy when blocking attacks.
   EV:        It affects your evasion (-5).
   rN:        It protects you from negative energy.
   rCorr:     It protects you from acid and corrosion.
   Will:      It increases your willpower.
Jewellery
 s - a ring of flight
 t - a +6 ring of dexterity
 u - a +6 ring of dexterity
 v - a +6 ring of intelligence
 w - a +6 ring of intelligence
 x - a +6 ring of strength (left hand)
 y - a +6 ring of strength (right hand)
Wands
 z - a wand of mindburst (7)
 A - a wand of iceblast (7)
 B - a wand of acid (7)
Scrolls
 j - 4 scrolls of blinking
 o - 4 scrolls of amnesia
 p - 7 scrolls of fog
 q - 5 scrolls of identify
 r - 2 scrolls of fear
Potions
 d - 6 potions of might
 e - 10 potions of curing
 f - 10 potions of heal wounds
 g - 6 potions of haste
 h - 7 potions of magic
 i - 3 potions of berserk rage
 k - 2 potions of brilliance
 l - 2 potions of invisibility
 m - 4 potions of resistance
 n - a potion of experience
Miscellaneous
 C - a lightning rod (4/4) (quivered)


   Skills:
 + Level 5.4 Fighting
 + Level 1.3(2.0) Axes
 + Level 2.6(2.8) Maces & Flails
 + Level 5.4 Armour
 + Level 5.3 Shields


You had 2 spell levels left.
You didn't know any spells.
Your spell library contained the following spells:

 Spells                   Type           Power      Damage    Failure   Level
 Shock                    Conj/Air       0%         1d3       100%        1
 Passage of Golubria      Tloc           0%         N/A       100%        4
 Summon Lightning Spire   Summ/Air       0%         N/A       100%        4


Dungeon Overview and Level Annotations

Branches:
Dungeon (1/1)

Altars:
Ashenzari
Cheibriados
Dithmenos
Elyvilon
Fedhas
Gozag
Hepliaklqana
Kikubaaqudgha
Makhleb
Nemelex Xobeh
Okawaru
Qazlal
Ru
Sif Muna
Trog
Uskayaw
Vehumet
Wu Jian
Xom
Yredelemnul
Zin
The Shining One
Jiyva
Lugonu

Annotations:
D 1 transporter


Innate Abilities, Weirdness & Mutations

You are immune to sickness and miasma.
Your stone body is resilient. (AC +3)
You are immune to poison.
You resist negative energy. (rN+)
You are resistant to electric shocks. (rElec)
You are resistant to unholy torment.
You are immune to petrification.


Message History

You slash the orc priest!
You are no longer entranced.
You kill the orc priest!
Lugonu accepts your kill.
Your Fighting skill increases to level 5!
Your base Axes skill increases to level 1!
Your Armour skill increases to level 5!
Your Shields skill increases to level 5!
You feel rather light.
s - a ring of flight (left hand)
You remove your ring of flight.
You feel stronger.
x - a +6 ring of strength (left hand)
You feel stronger.
y - a +6 ring of strength (right hand)
Things that are here:
a +0 short sword; an orc corpse You pick up the Precepts of Vapourous Geometries and begin reading...
You add the spells Shock, Summon Lightning Spire and Passage of Golubria to your library.
You see here a +2 rapier of venom.
There is a transporter here.
Welcome to arena 2.
You enter the transporter and appear at another place.
An ironbound convoker, an orc warlord and an ironbound frostheart come into view.
Visions of slaying the ironbound convoker flood into your mind.
The ironbound convoker shouts!
The orc warlord shouts!
The ironbound frostheart shouts!
Found three items.
Found a transporter.
The orc warlord hits you with a +0 war axe.
The ironbound convoker hits you with a +0 morningstar!
You barely miss the orc warlord. You hit the ironbound frostheart.
You drain the ironbound frostheart. You barely miss the ironbound convoker.
Visions of slaying the orc warlord flood into your mind.
You block the orc warlord's attack.
GONNNNG!
The ironbound convoker begins to recite a word of recall!
You block the ironbound frostheart's attack.
GONNNNG!
The orc warlord hits you with a +0 war axe!
You die...

▓▓▓▓▓▓▓▓▓▓▓▓▓
▓.8©8.▓.8©8.▓
▓.:)).▓.....▓
▓.....▓...).▓
▓..op.▓.))..▓
▓..@p.▓.....▓
▓.....▓..©..▓
▓..©..▓▓▓▓▓▓▓
▓▓▓▓▓▓▓


You could see an orc warlord (mesmerising), an ironbound frostheart (drained)
and an ironbound convoker (chanting recall).

Vanquished Creatures
  2 orc priests (D)
2 creatures vanquished.

Notes
Turn   | Place    | Note
-------+----------+-------------------------------------------
     0 | D        | shadowstone the Gargoyle Fighter began the quest for the
                  | Orb.
     0 | D        | Reached XP level 1. HP: 14/14 MP: 1/1
     0 | D        | Found a shimmering blue altar of Sif Muna.
     0 | D        | Found a bloodstained altar of Trog.
     0 | D        | Found a sacrificial altar of Ru.
     0 | D        | Found a stormy altar of Qazlal.
     0 | D        | Found an iron altar of Okawaru.
     1 | D        | Found a sparkling altar of Nemelex Xobeh.
     1 | D        | Found a blossoming altar of Fedhas.
     1 | D        | Found the +6 Majin-Bo {spellvamp, MP+6 Int+6}
     1 | D        | Found the +27 heavy crossbow "Sniper" {heavy, Acc+∞ SInv}
     1 | D        | Found the +10 dark maul {heavy}
     1 | D        | Found the +15 Maxwell's patent armour {-Cast -Tele rElec
                  | Will+ rCorr}
     1 | D        | Found the +18 shield of the Gong {Loud rN+ Will+ rCorr
                  | EV-5}
     1 | D        | Found the +16 obsidian axe {drain, demonic, Mesm Drain Fly
                  | SInv}
     1 | D        | Found the +7 great mace "Firestarter" {flame, inner flame,
                  | rFlCloud rF++}
     1 | D        | Found the +6 shillelagh "Devastator" {shatter}
     1 | D        | Found the +11 plutonium sword {Contam Stlth-}
     1 | D        | Found the +8 lance "Wyrmbane" {slay drac, rPois rF+ rC+
                  | AC+3}
     1 | D        | Found the +9 sword of Zonguldrok {reap}
     1 | D        | Found the +13 scythe of Curses {drain, curses, Drain}
     1 | D        | Found the +9 sword of Power {lifebolt}
     1 | D        | Found the +7 mace of Variability {chaos, chain chaos}
     1 | D        | Found the +11 Singing Sword {sonic wave}
     1 | D        | Found the +8 storm bow {elec, penet}
     4 | D        | Found an ancient bone altar of Kikubaaqudgha.
     4 | D        | Found a transporter.
     4 | D        | Found a corrupted altar of Lugonu.
     4 | D        | Found a viscous altar of Jiyva.
     4 | D        | Found a burning altar of Makhleb.
     4 | D        | Found a hazy altar of Hepliaklqana.
     4 | D        | Found an opulent altar of Gozag.
    70 | D        | Became a worshipper of Lugonu the Unformed
   112 | D        | Entered arena 2.
   112 | D        | Noticed an orc priest
   112 | D        | Noticed an orc priest
   112 | D        | Found a transporter.
   114 | D        | Killed an orc priest
   115 | D        | Reached XP level 2. HP: 14/20 MP: 2/2
   115 | D        | Reached XP level 3. HP: 17/24 MP: 3/3
   117 | D        | Reached skill level 5 in Fighting
   117 | D        | Reached skill level 1 in Axes
   117 | D        | Reached skill level 5 in Armour
   117 | D        | Reached skill level 5 in Shields
   123 | D        | Got the Precepts of Vapourous Geometries
   131 | D        | Entered arena 3.
   131 | D        | Noticed an ironbound convoker
   131 | D        | Noticed an orc warlord
   131 | D        | Noticed an ironbound frostheart
   131 | D        | Found a transporter.
   134 | D        | Slain by an orc warlord

Illustrated notes

Levels and vault maps discovered:
D:        sprint_v [room_start, room_1, room_2, room_3, room_4, room_5, room_6,
          room_7, room_8, room_9, room_10, room_11, room_12, room_13, room_14,
          room_15, room_16, room_17, room_18, room_19, room_20, room_21,
          room_22, room_23, room_24, room_25, room_26, room_27]

Skill      XL: |  1  2  3 |
---------------+----------+-----
Fighting       | 4 5 |  5.4
Armour         | 4 5 |  5.4
Shields        | 4 5 |  5.3
Axes           | 1 |  1.3
Maces & Flails | |  2.6

Action                     || total
---------------------------++-------
  Melee: Broad axe         ||     3
 Armour: Plate armour      ||     1
  Block: Kite shield       ||     5

Table legend: (Time is in decaauts)
 A = Elapsed time spent in this place.
 B = Non-inter-level travel time spent in this place.
 C = Inter-level travel time spent in this place.
 D = Time resting spent in this place.
 E = Time spent auto-exploring this place.
 F = Levels seen in this place.
 G = Mean time per level.
                   A        B        C        D        E       F      G
               +--------+--------+--------+--------+--------+-----+--------+
         Total |    132 |    120 |     12 |      0 |      0 |   1 |  132.0 |
       Dungeon |    132 |    120 |     12 |      0 |      0 |   1 |  132.0 |
               +--------+--------+--------+--------+--------+-----+--------+

Top non-repeatable levels by time:
       D: 132 daAuts
